 Dungeon Crawl Stone Soup version 0.27.1 (webtiles) character file.

Game seed: 10400908419023888567

22 Kala the Digger (level 2, -2/13 HPs)
             Began as a Gargoyle Earth Elementalist on Sept 2, 2021.
             Was a Follower of Hepliaklqana.
             Killed from afar by Sigmund (7 damage)
             ... with a puff of flame
             ... on level 2 of the Dungeon.
             The game lasted 00:06:45 (995 turns).

Kala the Digger (Gargoyle Earth Elementalist)        Turns: 995, Time: 00:06:45

Health: -2/13      AC:  4    Str: 11    XL:     2   Next: 91%
Magic:  5/5        EV: 12    Int: 15    God:    Hepliaklqana [*.....]
Gold:   28         SH:  0    Dex: 10    Spells: 4/5 levels left

rFire    . . .     SeeInvis .   (no weapon)
rCold    . . .     Faith    .   (no shield)
rNeg     + . .     Spirit   .   b - +0 robe
rPois    ∞         Reflect  .   (no helmet)
rElec    +         Harm     .   (no cloak)
rCorr    .         Rampage  .   (no gloves)
Will     .....                  (no boots)
Stlth    +.........             (no amulet)
HPRegen  0.04/turn              (no ring)
MPRegen  0.09/turn              (no ring)

@: confused
A: reduced essence, sickness immunity, AC +2, negative energy resistance 1,
electricity resistance, torment resistance 1, petrification resistance
a: Renounce Religion, Recall Ancestor, Ancestor Identity


You were on level 2 of the Dungeon.
You worshipped Hepliaklqana.
Hepliaklqana was aware of your devotion.
You visited 1 branch of the dungeon, and saw 2 of its levels.

You collected 28 gold pieces.

Inventory:

Missiles
 c - 12 stones
Armour
 b - a +0 robe (worn)
 d - a +0 ring mail
Scrolls
 a - a scroll of magic mapping {unknown}
 f - 2 scrolls of identify {unknown}
 g - a scroll of enchant armour {unknown}
Potions
 e - 2 potions of degeneration {unknown}


   Skills:
 * Level 0.2 Armour
 - Level 1.6 Dodging
 - Level 2.1 Stealth
 * Level 0.2 Shields
 + Level 2.2 Spellcasting
 * Level 0.4 Conjurations
 - Level 0.7 Transmutations
 * Level 4.4 Earth Magic


You had 4 spell levels left.
You knew the following spells:

 Your Spells              Type           Power      Damage    Failure   Level
a - Sandblast             Erth           28%        2d8       3%          1

Your spell library contained the following spells:

 Spells                   Type           Power      Damage    Failure   Level
 Passwall                 Tmut/Erth      7%         N/A       12%         2
 Stone Arrow              Conj/Erth      16%        3d8       24%         3
 Petrify                  Tmut/Erth      9%         N/A       58%         4
 Olgreb's Toxic Radiance  Pois           1%         N/A       91%         4
 Ozocubu's Refrigeration  Ice            0%         4d5       100%        7
 Ignition                 Fire           0%         3d3       100%        8


Dungeon Overview and Level Annotations

Branches:
Dungeon (2/15)

Altars:
Hepliaklqana

Annotations:
D:2 Sigmund


Innate Abilities, Weirdness & Mutations

Your life essence is reduced to manifest your ancestor. (-10% HP)
You are immune to sickness and miasma.
Your stone body is resilient. (AC +2)
You are immune to poison.
You resist negative energy. (rN+)
You are resistant to electric shocks. (rElec)
You are resistant to unholy torment.
You are immune to petrification.


Message History

Done exploring.
Done exploring.
Okay, then.
There is a stone staircase leading down here.
You climb downwards.
There is a stone staircase leading up here.
You swap places.
Sigmund the Dreaded comes into view.
He is wielding a +0 scythe.
Found a scroll labelled VEEF LEMUA.
Sigmund shouts!
Sigmund casts a spell at you.
You are confused.
You're too confused to cast spells.
You're too confused to cast spells.
Sigmund screams, "Die, monster!"
Sigmund gestures at you while chanting.
You are more confused.
You're too confused to cast spells.
You bump into the rock wall.
You're too confused to cast spells.
You bump into the rock wall.
Gaius closely misses Sigmund.
Sigmund barely misses you.
You're too confused to cast spells.
You bump into the rock wall.
Gaius hits Sigmund but does no damage.
Sigmund says, "Your kind have come here before.
I understand now why.
You desire death..."
Sigmund points at you and mumbles some strange words.
The puff of flame misses Gaius.
The puff of flame hits you!
Ouch! That really hurt!
Gaius closely misses Sigmund.
Sigmund hits Gaius with a +0 scythe!
Gaius is destroyed!
You're too confused to cast spells.
Sigmund gestures wildly while chanting.
Sigmund flickers and vanishes!
Deactivating autopickup; reactivate with Ctrl-A.
You bump into the rock wall.
A puff of flame appears from out of thin air!
The puff of flame hits you!
Ouch! That really hurt!
You die...

.. .. # .. ## .
.#?#.# .. .. 8#8.
. .. ... .#.###
#.# ###......
#.####.....###
#####..##<.......#
#..{....@..#####.#
....####.###.# .#
#.....# ###..##
..# .... ##....
##.# .#


There were no monsters in sight!

Vanquished Creatures
  A ball python (D:1)
  3 goblins (D:1)
  5 hobgoblins (D:1)
  A jackal (D:1)
  A kobold (D:1)
  2 quokkas (D:1)
  3 bats (D:1)
  2 rats (D:1)
18 creatures vanquished.

Vanquished Creatures (others)
  2 ancestors
2 creatures vanquished.

Grand Total: 20 creatures vanquished

Notes
Turn   | Place    | Note
-------+----------+-------------------------------------------
     0 | D:1      | Kala the Gargoyle Earth Elementalist began the quest for
                  | the Orb.
     0 | D:1      | Reached XP level 1. HP: 10/10 MP: 3/3
   214 | D:1      | Reached skill level 4 in Earth Magic
   232 | D:1      | Reached XP level 2. HP: 7/15 MP: 0/5
   483 | D:1      | Found a faded altar of an unknown god.
   494 | D:1      | Became a worshipper of Hepliaklqana the Forgotten
   494 | D:1      | Reached * piety under Hepliaklqana
   984 | D:2      | Noticed Sigmund
   995 | D:2      | Killed from afar by Sigmund

Illustrated notes

Levels and vault maps discovered:
D:1:      minmay_arrival_wavy_path, layout_basic,
          hellmonk_ecumenical_altar_prayer_group, st_stairs_9
D:2:      layout_rooms, minmay_statues_item, uniq_robin, uniq_sigmund

Skill      XL: |  1 |
---------------+----+-----
Earth Magic    | 4 |  4.4
Armour         | |  0.2
Dodging        | |  1.6
Stealth        | |  2.1
Shields        | |  0.2
Spellcasting   | |  2.2
Conjurations   | |  0.4
Transmutations | |  0.7

Action                   || total
-------------------------++-------
Melee: Unarmed           ||    13
 Cast: Sandblast         ||    22
Armor: Robe              ||     2
Dodge: Dodged            ||    14
